Cogmind - Beta 13 @@@ ROGUE MODE // 2024.04.24 @ 20:47:57 Player: sve9 Result: Destroyed by as-64478 with Assembled Rifle Performance ------------- Evolutions (0) 0 Regions Visited (2) 400 Robots Destroyed (19) 95 Value Destroyed (338) 338 Prototype IDs (2) 40 Alien Tech Used (0) 0 Bonus (0) 0 TOTAL SCORE: 873 Bonus ------- None Cogmind --------- Core Integrity 0/250 Matter 289/300 Energy 135/250 System Corruption 0% Temperature Warm (145) Movement Rolling (145) Ox3 Location -10/Mines Parts ------- > --- POWER (1) -------- Ion Engine > --- PROPULSION (2) --- Compact Wheel > --- UTILITY (2) ------ High-capacity Storage Unit > --- WEAPON (2) ------- Beam Cannon Light Assault Rifle > --- INVENTORY (20) --- Ion Engine Light Ion Engine Wheel Compact Wheel Improved Heat Sink Medium Storage Unit Large Storage Unit Structural Scanner Improved Terrain Scanner Hacking Suite Assault Rifle Datajack EMP Trap Peak State ------------ > --- POWER ------------ Ion Engine > --- PROPULSION ------- Light Treads Compact Wheel > --- UTILITY ---------- High-capacity Storage Unit Improved Terrain Scanner > --- WEAPON ----------- Beam Cannon Light Assault Rifle > --- INVENTORY -------- Ion Engine Ion Engine Light Ion Engine Wheel Compact Wheel Improved Heat Sink Medium Storage Unit Large Storage Unit Structural Scanner Improved Terrain Scanner Hacking Suite Assault Rifle Datajack EMP Trap [Rating: 11] Favorites ----------- Power Ion Engine Engine Ion Engine Propulsion Compact Wheel Treads Light Treads Wheel Compact Wheel Utility Seismic Detector Device Seismic Detector Storage High-capacity Storage Unit Weapon Light Assault Rifle Energy Gun Small Laser Energy Cannon Beam Cannon Ballistic Gun Light Assault Rifle Build | -11 -10 -10 ------- Run | Yrd Mat Min Slots Evolved . | . . . Power . | . . . Propulsion . | . . . Utility . | . . . Weapon . | . . . Parts Attached 17 | 7 8 2 Power 6 | 1 4 1 Engine 6 | 1 4 1 Core . | . . . Reactor . | . . . Propulsion 3 | 2 1 . Treads 2 | 1 1 . Leg . | . . . Wheel 1 | 1 . . Hover . | . . . Flight . | . . . Utility 5 | 2 2 1 Device 2 | 1 . 1 Storage 3 | 1 2 . Processor . | . . . Hackware . | . . . Protection . | . . . Artifact . | . . . Weapon 3 | 2 1 . Energy Gun 1 | 1 . . Energy Cannon 1 | . 1 . Ballistic Gun 1 | 1 . . Ballistic Cannon . | . . . Launcher . | . . . Special Weapon . | . . . Impact Weapon . | . . . Slashing Weapon . | . . . Piercing Weapon . | . . . Special Melee Weapon . | . . . Unidentified Prototypes . | . . . Parts Lost 6 | . 3 3 Power 1 | . 1 . Propulsion 2 | . 1 1 Utility 2 | . . 2 Weapon 1 | . 1 . Highest Loss Streak 2 | . 2 2 To Critical Strikes . | . . . Average Slot Usage (%) 99 | . 99 98 Engine 14 | . 14 14 Treads 13 | . 14 13 Wheel 14 | . 14 14 Device 13 | . 14 13 Storage 14 | . 14 14 Energy Gun 3 | . 4 . Energy Cannon 10 | . 9 14 Ballistic Gun 14 | . 14 14 Naked Turns . | . . . Heaviest Build 50 | 11 50 50 Greatest Support 20 | 20 16 16 Greatest Overweight (x) 3 | . 3 3 Average Overweight (x) 2 | . 1 3 Largest Inventory Capacity 20 | 8 20 20 Average Capacity 16 | 7 15 20 Most Carried 16 | 6 13 16 Average Carried 10 | 2 10 13 Final Capacity 20 | 8 20 20 Final Carried 13 | 6 13 13 Class Distribution -------------------- 100% | Mutant Dominant Class ---------------- Mutant | -10/Materials Mutant | -10/Mines Resources | -11 -10 -10 ----------- Run | Yrd Mat Min Matter Collected 407 | 185 201 21 Remotely . | . . . Salvage Created 601 | 27 389 185 Parts 43 | 3 35 5 Haulers Intercepted 1 | . 1 . Recyclers Shooed 1 | . 1 . Parts Field Recycled . | . . . Retrieved Matter . | . . . Parts Self-Destructed . | . . . Prevented . | . . . Kills | -11 -10 -10 ------- Run | Yrd Mat Min Combat Hostiles Destroyed 17 | . 10 7 Guns 9 | . 8 1 Cannons 8 | . 2 6 Classes Destroyed 8 | 1 6 1 Worker 2 | . 1 1 Builder 1 | . 1 . Tunneler 1 | 1 . . Hauler 1 | . 1 . Operator 2 | . 2 . Swarmer 6 | . 6 . Grunt 6 | . 4 2 Assembled 5 | . . 5 Best Kill Streak 2 | 1 2 2 Combat Bots Only 2 | . 2 2 Max Kills in Single Turn 1 | 1 1 1 Gunslinging . | . . . Exploded . | . . . Melee . | . . . Uniques/NPCs Destroyed . | . . . Combat | -11 -10 -10 -------- Run | Yrd Mat Min Hostile Shots Fired 109 | . 80 29 Missed 28 | . 21 7 Damage Taken 1019 | . 626 393 Core 257 | . 142 115 Absorbed by Shields . | . . . Core Remaining (%) 100 | 100 . . Volleys Fired 84 | 1 62 21 Largest 2 | 2 2 2 Hottest 80 | 60 80 80 Shots Fired 156 | 2 112 42 Gun 104 | 2 81 21 Cannon 52 | . 31 21 Launcher . | . . . Special . | . . . Kinetic 72 | 1 50 21 Thermal 84 | 1 62 21 Explosive . | . . . Electromagnetic . | . . . Robot Hit Streak 9 | 1 9 4 Robot Miss Streak 6 | . 6 4 Penetration Max . | . . . Secondary Targets 1 | . 1 . Max Gunslinging Chain 1 | . 1 . Shots Hit Robots 80 | 1 57 22 Core Hits 38 | 1 23 14 Critical Kills . | . . . Critical Parts Destroyed . | . . . Critical Strikes . | . . . Melee Attacks . | . . . Impact . | . . . Slashing . | . . . Piercing . | . . . Sneak Attacks . | . . . Combat Hostiles . | . . . Follow-up Attacks . | . . . Damage Inflicted 1040 | 12 717 311 Guns 429 | 12 351 66 Cannons 611 | . 366 245 Explosions . | . . . Melee . | . . . Ramming . | . . . Kinetic 253 | . 187 66 Thermal 787 | 12 530 245 Explosive . | . . . Electromagnetic . | . . . Impact . | . . . Slashing . | . . . Piercing . | . . . Highest Corruption . | . . . Average Corruption . | . . . Corruption Purged . | . . . Corruption Blocked . | . . . Overload Shots . | . . . Overflow Damage 2 | . . 2 Projectiles 2 | . . 2 Explosions . | . . . Melee . | . . . Knockbacks . | . . . Impact . | . . . Kinetic . | . . . Secondary . | . . . Self-Inflicted Damage . | . . . Shots . | . . . Rammed . | . . . Targets Rammed . | . . . Kicked . | . . . Crushed . | . . . Highest Temperature 326 | 20 326 200 Average Temperature 80 | 15 77 88 Received Heat Transfer 346 | . 189 157 Effects 4 | . 4 . Energy Bleed 2 | . 2 . Interference 2 | . 2 . Siege Activations . | . . . Robots Corrupted . | . . . Combat Hostiles . | . . . Parts Fried . | . . . Impact Corruptions . | . . . Robots Melted . | . . . Combat Hostiles . | . . . Parts Melted 1 | . . 1 Heat Transferred 1695 | 25 1152 518 Parts Sabotaged . | . . . Parts Stolen . | . . . Parts Stripped . | . . . Power Chain Reactions . | . . . Alert | -11 -10 -10 ------- Run | Yrd Mat Min Peak Influence 267 | 5 267 84 Initial 14 | . 3 14 Average 113 | 1 148 67 Maximum Alert Level 1 | . 1 . Low Security (%) 83 | 100 73 100 Level 1 16 | . 26 . Level 2 . | . . . Level 3 . | . . . Level 4 . | . . . Level 5 . | . . . High Security . | . . . Max Security . | . . . Squads Dispatched 2 | . 2 . Investigation . | . . . Extermination . | . . . Reinforcement 2 | . 2 . Assault . | . . . Garrison . | . . . Intercept . | . . . Searches Triggered . | . . . Construction Impeded . | . . . Haulers Reinforced . | . . . Active Scanning Responses . | . . . Cargo Convoy Interrupts . | . . . Stealth | -11 -10 -10 --------- Run | Yrd Mat Min Distress Signals 2 | . 2 . Communications Jammed . | . . . Distress Signals . | . . . Times Spotted 33 | . 25 8 Peak Tracking Total 6 | . 6 2 Tactical Retreats 3 | . 3 . Traps | -11 -10 -10 ------- Run | Yrd Mat Min Traps Triggered 2 | . 2 . Indirectly . | . . . Trap Hack Attempts . | . . . Triggered . | . . . Disarmed . | . . . Reprogrammed . | . . . Reused 1 | . . 1 Traps Extracted . | . . . Installed 2 | . . 2 Triggered . | . . . Most Traps Carried 3 | . . 3 Machines | -11 -10 -10 ---------- Run | Yrd Mat Min Machines Disabled . | . . . Max in Single Turn . | . . . Machines Repaired . | . . . Machines Dismantled . | . . . Machines Sabotaged . | . . . Overloaded Fab Kills . | . . . Hacking | -11 -10 -10 --------- Run | Yrd Mat Min Machines Accessed 4 | . 4 . Terminals 3 | . 3 . Fabricators . | . . . Repair Stations . | . . . Recycling Units 1 | . 1 . Scanalyzers . | . . . Garrison Access . | . . . Total Hacks 23 | . 23 . Successful 14 | . 14 . Failed 9 | . 9 . Catastrophic 1 | . 1 . Database Lockouts . | . . . Manual 15 | . 15 . Terminals 18 | . 18 . Fabricators . | . . . Repair Stations . | . . . Recycling Units 5 | . 5 . Scanalyzers . | . . . Garrison Access . | . . . Terminal Hacks 7 | . 7 . Record 1 | . 1 . Prototype ID Bank 1 | . 1 . Branch Access Points 1 | . 1 . Terminal Index 1 | . 1 . Recall Investigation 1 | . 1 . Hauler Manifests 1 | . 1 . Registered Components 1 | . 1 . Fabricator Hacks . | . . . Repair Station Hacks . | . . . Recycling Unit Hacks 1 | . 1 . Report Inventory 1 | . 1 . Scanalyzer . | . . . Garrison Access Hacks . | . . . Unauthorized Hacks 6 | . 6 . Terminals 4 | . 4 . Botnet 3 | . 3 . Operators 1 | . 1 . Fabricators . | . . . Repair Stations . | . . . Recycling Units 2 | . 2 . Reject 1 | . 1 . Mask 1 | . 1 . Scanalyzers . | . . . Garrison Access . | . . . Data Cores Recovered . | . . . Used . | . . . Hacking Detections 4 | . 4 . Full Trace Events . | . . . Feedback Events . | . . . Feedback Blocked . | . . . Robot Schematics Acquired . | . . . Robots Built . | . . . Authchips . | . . . Time . | . . . Total Robot Build Rating . | . . . Part Schematics Acquired . | . . . Parts Built . | . . . Authchips . | . . . Time . | . . . Total Part Build Rating . | . . . Parts Repaired . | . . . Time . | . . . Parts Recycled . | . . . Recycled Matter . | . . . Retrieved Matter . | . . . Retrieved Components . | . . . Parts Scanalyzed . | . . . Part Schematics Acquired . | . . . Parts Damaged . | . . . Bothacking | -11 -10 -10 ------------ Run | Yrd Mat Min Used RIF Installer . | . . . Robots Hacked . | . . . Non-combat . | . . . Combat . | . . . Robot Hacks Applied . | . . . Relay Couplers Released . | . . . Fabnet Peak Effective % . | . . . Robots Rewired . | . . . Allies Hacked . | . . . Hacks Repelled . | . . . Allies | -11 -10 -10 -------- Run | Yrd Mat Min Total Allies . | . . . Largest Group . | . . . Highest-Rated Group . | . . . Highest-Rated Ally . | . . . Total Orders . | . . . Ally Attacks . | . . . Total Damage . | . . . Kills . | . . . Allies Corrupted . | . . . Allies Melted . | . . . Intel | -11 -10 -10 ------- Run | Yrd Mat Min Robot Analysis Total . | . . . Derelict Logs Recovered 1 | . . 1 Drone Launches . | . . . Drone Recoveries . | . . . Exploration | -11 -10 -10 ------------- Run | Yrd Mat Min Turns Passed 1373 | 76 845 452 Spaces Moved 791 | 55 481 255 Core 1 | 1 . . Treads 3 | 3 . . Legs . | . . . Wheels 787 | 51 481 255 Hover . | . . . Flight . | . . . Fastest Speed 50 | 50 100 145 Average Speed 131 | 102 127 145 Slowest Speed 160 | 160 145 145 Overloaded Moves . | . . . Propulsion Burnouts . | . . . Robots Hopped . | . . . Cave-ins Triggered . | . . . Exploration Rate (%) 40 | 4 63 55 Regions Visited 2 Branch Regions 1 Pre-discovered Areas 1 | . . 1 Known Exits Taken 1 | . 1 . Unknown Exits Taken 1 | 1 . . Scrap Searched . | . . . Spaces Dug . | . . . Terrain Destroyed . | . . . Melee . | . . . Projectile . | . . . AOE . | . . . Terrain Rammed . | . . . Walls Destroyed . | . . . Machines Disabled . | . . . Actions | -11 -10 -10 --------- Run | Yrd Mat Min Total 980 | 69 610 301 Wait 67 | 1 50 16 Move 789 | 54 480 255 Hop . | . . . Pick Up 17 | 6 8 3 Fast Attach 9 | 7 1 1 Attach 4 | . 3 1 Detach . | . . . Swap 4 | . 4 . Drop 4 | . 2 2 Fire 84 | 1 62 21 Melee . | . . . Ram . | . . . Kick . | . . . Crush . | . . . Escape Stasis . | . . . Rewire . | . . . Trap 2 | . . 2 Miscellaneous . | . . . Route ------- -11/Scrapyard -10/Materials (discovered 3 exits: [*Mat] / *Min x2) -10/Mines History --------- Turn | Location | Event 12 | -11/Scrapyard | Discovered new exit (range 16) 77 | -11/Scrapyard | Entered Materials 116 | -10/Materials | Identified exit to Mines 289 | -10/Materials | Discovered new exit (range 16) 327 | -10/Materials | Build established: Mutant 642 | -10/Materials | Core integrity fell below 50% 922 | -10/Materials | Entered Mines 1059 | -10/Mines | Assembled infested the area 1158 | -10/Mines | Found a hidden stash of uninstalled traps 1332 | -10/Mines | Learned location of Zion (-7) 1363 | -10/Mines | Core integrity fell below 20% 1374 | -10/Mines | Destroyed by as-64478 with Assembled Rifle Last Messages --------------- 01246_ as-77414 destroyed. 01249_ Acquired 2 matter. 01257_ K-01 Serf collects debris. 01261_ T-07 Excavator is excavating. 01264_ K-01 Serf collects debris. 01265_ T-07 Excavator is excavating. 01315_ as-21889 destroyed. 01318_ Seismic Detector destroyed. 01318_ Critical hit (Burn: +80). 01324_ as-65467 destroyed. 01328_ Acquired Imp. Terrain Scanner. 01329_ Acquired 13 matter. 01332_ Acquired derelict log, extracted data. World map updated: -7/Zion. 01354_ Imp. Terrain Scanner destroyed. 01360_ Ion Engine severed. 01364_ as-56225 destroyed. 01365_ Lgt. Treads destroyed. 01373_ Destroyed Asb. Hover Unit. 01373_ as-88696 destroyed. Map ----- +----------------------------------------------------+ | ????????????????????????????????????????????# #??? | | ????????????????????????????????????????????# #??? | | ???????????????????????????????????????????## #??? | | ???????????????????????????????????????????# ##?? | | ???????????????????????????????????????????# ##? | | ???????????????????????????????????????????# #? | | ???????????????????????????????????????????## #? | | ???????????????????????????????????????????## #? | | ????????????????????????????????????????#### ## | | ?????????????????????????????????######## | | ????????????????????????????????## ## | | ?????????????????????????????????# ## | | ?????????????????????????????????# ###### | | ?????????????????????????????????#???????## ^ ^ | | ??????????????????????????????????????????## #### | | ???????????????? ??????#???????????????????# #??# | | ????????????????????????????????? ?????????# #??# | | ????????????????????#???????????# ????????# #??# | | ????????????????????#???????????? ??????# #### | | ?????????????????????????????????? ####?# ## | | ???????????## ??????????????????????# ### | | ???????????# #######??????????????#% | | ?????????????=%a%* ????????????###% | | ????????????????# ???????????# | | ?????????????????# ############ | | ?????????????????# %%@ ### # | | ?????????????????## ############# ##### ## | | ??????????????????### #????????????# #???## ## | | ????????????????????###?????????????# ####?## # | | ?????????????????#??????????????????# #??# | | ????????????????????????????????????#### #??# | | ???????????????????????????????????????# #??## | | ???????????????????????????????????????# #???# | | ???????????????????????????????????????# ##### | | ???????????#???????????????????????????# | | ?????????????????????????#?????????????######## | | ????????????????#?????????????????????????????#### | | ?????????????????????????????????????????????????# | | ?????????????????????????????????????????????????? | | ?????????????????????????????????????#???????????? | | | | | | | | | | | | | | | | | | | | | +----------------------------------------------------+ Best States ------------- Heat Dissipation 25 Energy Generation 10 Energy Capacity 250 Matter Stores 300 Matter Capacity 300 Sight Range 16 Terrain Scan Range 16 Terrain Scan Density 10 Evasion (%) 40 Recoil Reduction 1 Item Schematics ----------------- None Robot Schematics ------------------ None Fabricated ------------ Nothing Alien Tech Used ----------------- None Achievements -------------- None Challenges ------------ None Game ------ Seed ImprinterSapperDissipator Manual? 0 Play Time 00:16:06 Cumulative 14.3 hours Start 2024.04.24 @ 19:34:39 End 2024.04.24 @ 20:47:57 Sessions 1 Manual Loads 0 Difficulty Rogue Special Mode None Game No. 9 Rogue 9 Adventurer 0 Explorer 0 Win Type - Total 2 Types 2/0/0/0/0/0/0/0/0 Lore% 23 Gallery% 17 Achievement% 23 Wizard Run 0 Options --------- Layout 1 ASCII 0 Keyboard 0 Movement Vi Keybinds 0 Fullscreen 1 Font 18/SmallcapsGlow Map View 54x44 Zoom Use 0% Tactical HUD 1 Map Filters NONE Filters NONE Steam 0 RUN: 29eeb19a-6b92-4f8d-84cb-d49327ac6f3d